 Dungeon Crawl Stone Soup version 0.25-a0-435-g4b9beb1024 (webtiles) character file.

Game seed: 14198285149053722890, levelgen mode: classic

15582 EnegeticOcto the Cleaver (level 12, -5/109 HPs)
             Began as a Deep Dwarf Fighter on Jan 27, 2020.
             Was a High Priest of Makhleb.
             Slain by an orc warrior
             ... wielding a +0 trident
              (29 damage)
             ... on level 12 of the Dungeon.
             The game lasted 00:09:06 (9584 turns).

EnegeticOcto the Cleaver (Deep Dwarf Fighter)       Turns: 9584, Time: 00:09:06

Health: -5/109     AC: 14    Str: 24    XL:     12   Next: 2%
Magic:  4/4        EV: 11    Int: 10    God:    Makhleb [*****.]
Gold:   473        SH: 12    Dex: 12    Spells: 11/11 levels left

rFire    + . .     SeeInvis .   k - +1 broad axe
rCold    . . .     Gourm    +   c - +0 shield
rNeg     . . .     Faith    .   o - +0 chain mail
rPois    .         Spirit   .   w - +0 helmet
rElec    .         Reflect  .   x - +0 cloak
rCorr    .         Harm     .   (no gloves)
MR       ++...                  (no boots)
Stlth    ..........             N - amulet of the gourmand
HPRegen  0.00/turn              n - ring of protection from magic
MPRegen  0.09/turn              F - ring of protection from fire

@: non-regenerating
A: damage resistance, heal wounds, sense surroundings 2, no regeneration
a: Heal Wounds, Minor Destruction, Lesser Servant of Makhleb, Major Destruction,
Greater Servant of Makhleb, Renounce Religion


You were on level 12 of the Dungeon.
You worshipped Makhleb.
Makhleb was extremely pleased with you.
You were very full.

You visited 2 branches of the dungeon, and saw 13 of its levels.
You also visited: Bailey.

You collected 763 gold pieces.
You spent 290 gold pieces at shops.

Inventory:

Hand Weapons
 k - a +1 broad axe (weapon)
Armour
 c - a +0 shield (worn)
 o - a +0 chain mail (worn)
 w - a +0 helmet (worn)
 x - a +0 cloak (worn)
Jewellery
 f - an uncursed amulet of the acrobat
 j - an uncursed ring of resist corrosion
 n - a ring of protection from magic (left hand)
 F - a ring of protection from fire (right hand)
 I - an uncursed ring of protection from fire
 K - an uncursed ring of protection from cold
 N - an amulet of the gourmand (around neck)
 P - an uncursed ring of wizardry {unknown}
Wands
 a - a wand of paralysis (6)
 m - a wand of iceblast (9)
 s - a wand of polymorph (14)
 y - a wand of clouds (7)
 z - a wand of digging (5)
 B - a wand of enslavement (7)
 D - a wand of acid (7)
 G - a wand of disintegration (24)
Scrolls
 h - 4 scrolls of teleportation {@r3}
 i - 2 scrolls of fog
 l - 2 scrolls of blinking {@r4}
 A - 3 scrolls of fear
 E - a scroll of holy word
 L - a scroll of remove curse {@r2}
 M - a scroll of immolation
 O - a scroll of identify {@r1}
Potions
 b - a potion of magic
 d - 2 potions of might {@q3}
 g - 2 potions of resistance
 p - a potion of ambrosia
 q - 7 potions of curing {@q1}
 r - 2 potions of haste {@q4}
 t - 3 potions of flight
 u - a potion of brilliance
 v - 3 potions of heal wounds {@q2}
 C - a potion of invisibility
 H - 3 potions of lignification {@q6}
 J - a potion of agility {unknown}
Comestibles
 e - 23 rations


   Skills:
 + Level 7.3 Fighting
 * Level 11.7 Axes
 + Level 8.9 Armour
 + Level 8.1 Dodging
 + Level 8.8 Shields
 * Level 9.6 Invocations


You had 11 spell levels left.
You didn't know any spells.
Your spell library was empty.

Dungeon Overview and Level Annotations

Branches:
Dungeon (12/15)            Temple (1/1) D:7            Lair (0/6) D:10
    Orc (0/2) D:12         Bailey (visited)

Altars:
Ashenzari
Cheibriados
Dithmenos
Elyvilon
Fedhas
Gozag
Kikubaaqudgha
Makhleb
Nemelex Xobeh
Okawaru
Qazlal
Ru
Uskayaw
Wu Jian
Xom
Yredelemnul
The Shining One
Beogh

Shops:
D:4 %%[!   D:10 ?

Annotations:
D:5 3 runed translucent doors, EtherCrawl's ghost, novice FoBe; bmj180's ghost, novice DrCj


Innate Abilities, Weirdness & Mutations

You are resistant to damage.
You can heal yourself by infusing magical energy.
You passively map the area around you.
You do not regenerate.


Message History

You hit the orc warrior but do no damage.
You block the orc warrior's attack. You block the orc knight's attack.
The orc warrior hits you with a +0 long sword!
You slash the orc knight!
The orc knight is heavily wounded.
You hit the orc warrior. You block the orc warrior's attack.
The orc sings a few bars from the Orcish anthem.
The orc knight hits you with a +0 halberd!
The orc warrior hits you with a +0 long sword!
You slash the orc knight!
The orc knight is heavily wounded.
Your shield and chain mail prevent you from hitting the orc warrior.
The orc warrior misses you.
The orc priest mumbles some strange prayers to Beogh against the orc.
Beogh smites you!
The orc knight roars a battlecry!
The orcs go into a battle-frenzy!
The orc warrior hits you with a +0 long sword!
You barely miss the orc knight.
The orc knight is heavily wounded.
You hit the orc warrior but do no damage.
The orc warrior hits you but does no damage.
The orc knight hits you with a +0 halberd!
The orc priest begins to cast a cantrip, but forgets the words!
The orc warrior hits you with a +0 long sword.
You closely miss the orc knight.
The orc knight is heavily wounded.
You completely miss the orc warrior.
The orc warrior hits you from afar with a +0 trident!!
The orc knight barely misses you.
You are too injured to fight recklessly!
You are too injured to fight recklessly!
You are too injured to fight recklessly!
You are too injured to fight recklessly!
You are too injured to fight recklessly!
You are too injured to fight recklessly!
You are too injured to fight recklessly!
You feel much better. The orc warrior closely misses you.
You block the orc warrior's attack. You block the orc knight's attack.
You feel much better. You block the orc knight's attack.
You block the orc warrior's attack.
The orc warrior hits you from afar with a +0 trident!!
The orc knight roars a battlecry!
The orc warrior hits you with a +0 long sword.
You see here a potion of curing {@q1}.
You feel much better.
You slash the orc warrior!
The orc warrior is severely wounded.
The orc warrior no longer looks unusually strong.
The orc warrior barely misses you. You block the orc knight's attack.
You hit the orc warrior but do no damage.
The orc warrior is severely wounded.
You block the orc warrior's attack.
The orc knight hits you but does no damage.
You closely miss the orc warrior.
The orc warrior is severely wounded.
You block the orc warrior's attack.
The orc knight roars a battlecry!
The orc warrior goes into a battle-frenzy!
You closely miss the orc warrior.
The orc warrior is severely wounded.
You block the orc knight's attack.
The orc warrior hits you with a +0 long sword!!
You closely miss the orc warrior.
The orc warrior is severely wounded.
You block the orc knight's attack. The orc warrior barely misses you.
You closely miss the orc warrior.
The orc warrior is severely wounded.
You block the orc knight's attack.
The orc warrior hits you with a +0 long sword!!
Your chain mail prevents you from hitting the orc warrior.
The orc warrior is severely wounded.
The orc knight completely misses you.
The orc warrior hits you with a +0 long sword!
You are too injured to fight recklessly!
You are too injured to fight recklessly!
You are too injured to fight recklessly!
You are too injured to fight recklessly!
You are too injured to fight recklessly!
You are too injured to fight recklessly!
You are too injured to fight recklessly!
You are too injured to fight recklessly!
You feel much better.
The orc knight roars a battlecry!
You block the orc warrior's attack.
The orc warrior hits you with a +0 long sword!!
You block the orc knight's attack.
You barely miss the orc warrior.
The orc warrior is severely wounded.
You block the orc warrior's attack. x2
The orc knight hits you from afar with a +0 halberd!!
You slash the orc warrior!
You kill the orc warrior!
Makhleb accepts your kill.
You feel better. You block the orc warrior's attack.
The orc knight hits you with a +0 halberd!
* * * LOW HITPOINT WARNING * * *
The orc warrior hits you with a +0 trident!!
You die...

* ,,.8oooo. #.# *
####8o8#########.#
,
.....oo.)o.......#
,*
#####.#.#o########
* * .....#o# * ,
..##.###o# **
...,... #o#
**,....######o# ,
.........@o# **
############


You could see an orc knight, an orc warrior, an orc priest and 4 orcs.

Vanquished Creatures
  2 two-headed ogres
  Pikel (D:4)
  3 orc knights
  An ugly thing (D:12)
  A queen bee (D:11)
  6 slime creatures (D:10)
  3 hippogriffs (D:10)
  12 yaks
  Sigmund (D:5)
  A wyvern (D:10)
  Grum (D:9)
  2 wargs (D:10)
  Edmund (D:5)
  A water moccasin (D:9)
  4 ice beasts
  4 sky beasts
  12 orc warriors
  A phantom (D:10)
  3 black bears
  3 wolves (D:9)
  7 centaurs
  7 ogres
  Blork the orc (D:6)
  5 bullfrogs
  3 big kobolds
  A scorpion (D:11)
  23 killer bees
  A howler monkey (D:5)
  7 crimson imps
  A centaur zombie (D:11)
  A quasit (D:12)
  8 hounds
  2 jellies
  9 orc priests
  4 centaur skeletons
  8 orc wizards
  Ijyb (D:4)
  11 worker ants
  4 iguanas
  A killer bee zombie (D:6)
  A hound zombie (D:5)
  2 hound skeletons
  Robin (D:3)
  A worker ant zombie (D:5)
  12 adders
  An ooze (D:5)
  An adder zombie (D:9)
  4 worms
  5 dart slugs
  5 leopard geckos
  62 orcs
  2 ball pythons
  5 bats
  4 giant cockroaches
  8 hobgoblins
  11 jackals
  29 kobolds
  A quokka (D:7)
  7 frilled lizards
  23 goblins
  A quokka skeleton (D:6)
  A quokka zombie (D:6)
  9 rats
364 creatures vanquished.

Vanquished Creatures (others)
  An orc wizard (D:6)
  An orc (D:6)
  2 withered plants (D:5)
4 creatures vanquished.

Grand Total: 368 creatures vanquished

Notes
Turn   | Place    | Note
-------+----------+-------------------------------------------
     0 | D:1      | EnegeticOcto the Deep Dwarf Fighter began the quest for the
                  | Orb.
     0 | D:1      | Reached XP level 1. HP: 20/20 MP: 1/1
    20 | D:1      | Reached XP level 2. HP: 24/27 MP: 2/2
   373 | D:1      | Reached skill level 1 in Dodging
   403 | D:1      | Reached XP level 3. HP: 27/33 MP: 3/3
   542 | D:1      | Reached skill level 3 in Axes
  1090 | D:2      | Reached XP level 4. HP: 37/42 MP: 4/4
  1770 | D:3      | Noticed Robin
  1798 | D:3      | Killed Robin
  1798 | D:3      | Reached XP level 5. HP: 20/49 MP: 5/5
  2087 | D:3      | Found a sacrificial altar of Ru.
  2218 | D:3      | Found a shattered altar of Ashenzari.
  2554 | D:4      | Found Zaelli's Food Shop.
  2624 | D:4      | Reached skill level 4 in Axes
  2660 | D:4      | Found Qefututi's Distillery.
  2667 | D:4      | Bought a potion of heal wounds for 55 gold pieces
  2738 | D:4      | Found Jaarph's Armour Emporium.
  2854 | D:4      | Noticed Pikel
  2854 | D:4      | Noticed a slave
  2854 | D:4      | Noticed a slave
  2854 | D:4      | Noticed a slave
  2854 | D:4      | Noticed a slave
  2889 | D:4      | Killed Pikel
  2889 | D:4      | Reached skill level 5 in Axes
  2889 | D:4      | Reached XP level 6. HP: 45/57 MP: 5/5
  2889 | D:4      | Reached XP level 7. HP: 50/63 MP: 6/6
  2932 | D:4      | Found Socac's Food Shoppe.
  2966 | D:4      | Reached skill level 5 in Armour
  3038 | D:4      | Noticed Ijyb
  3048 | D:4      | Killed Ijyb
  3397 | D:5      | Entered Level 5 of the Dungeon
  3403 | D:5      | Reached skill level 5 in Shields
  3406 | D:5      | Reached skill level 6 in Axes
  3571 | D:5      | Noticed Edmund
  3582 | D:5      | Killed Edmund
  3582 | D:5      | Reached XP level 8. HP: 71/73 MP: 7/7
  3605 | D:5      | Found a runed translucent gate.
  3606 | D:5      | Found a runed translucent gate.
  3607 | D:5      | Found a runed translucent gate.
  3609 | D:5      | Noticed EtherCrawl's ghost (novice FoBe)
  3609 | D:5      | Noticed bmj180's ghost (novice DrCj)
  3965 | D:5      | Noticed Sigmund
  3979 | D:5      | Killed Sigmund
  3979 | D:5      | Reached skill level 7 in Axes
  4649 | D:6      | Reached skill level 5 in Fighting
  4649 | D:6      | Reached skill level 5 in Dodging
  4652 | D:6      | Found a white marble altar of Elyvilon.
  4672 | D:6      | Gained mutation: You passively map the area around you.
                  | [Deep Dwarf growth]
  4672 | D:6      | Reached XP level 9. HP: 48/81 MP: 7/7
  4709 | D:6      | Noticed Blork the orc
  4739 | D:6      | Reached skill level 8 in Axes
  4750 | D:6      | Killed Blork the orc
  4871 | D:6      | Found a shadowy altar of Dithmenos.
  5206 | D:6      | Found a hide-covered altar of Uskayaw.
  5206 | D:6      | Found a white marble altar of Elyvilon.
  5207 | D:6      | Found a sparkling altar of Nemelex Xobeh.
  5662 | D:7      | Found a staircase to the Ecumenical Temple.
  5675 | Temple   | Entered the Ecumenical Temple
  5683 | Temple   | Became a worshipper of Makhleb the Destroyer
  5721 | D:7      | Found a basalt altar of Yredelemnul.
  5882 | D:7      | Found a stormy altar of Qazlal.
  5977 | D:8      | Reached skill level 9 in Axes
  5986 | D:8      | Reached skill level 1 in Invocations
  6319 | D:8      | Found a flagged portal.
  6329 | Bailey   | Entered a bailey
  6352 | Bailey   | Noticed an orc knight
  6370 | Bailey   | Killed an orc knight
  6370 | Bailey   | Reached XP level 10. HP: 91/91 MP: 3/5
  6461 | Bailey   | Noticed an orc knight
  6475 | Bailey   | Killed an orc knight
  6481 | Bailey   | Reached * piety under Makhleb
  6703 | D:9      | Found a glowing golden altar of the Shining One.
  6816 | D:9      | Reached skill level 5 in Invocations
  6966 | D:9      | Reached skill level 10 in Axes
  7168 | D:9      | Noticed Grum
  7193 | D:9      | Killed Grum
  7428 | D:9      | Reached ** piety under Makhleb
  7546 | D:9      | Noticed a two-headed ogre
  7556 | D:9      | Killed a two-headed ogre
  7556 | D:9      | Reached XP level 11. HP: 62/99 MP: 7/9
  7660 | D:10     | Entered Level 10 of the Dungeon
  7716 | D:10     | Found Tyepn's Magic Scroll Shoppe.
  7722 | D:10     | Bought a scroll of teleportation for 33 gold pieces
  7722 | D:10     | Bought a scroll of blinking for 82 gold pieces
  7722 | D:10     | Bought a scroll of holy word for 82 gold pieces
  7722 | D:10     | Bought a scroll of immolation for 38 gold pieces
  7833 | D:10     | Noticed an orc knight
  7862 | D:10     | Killed an orc knight
  8028 | D:10     | Reached *** piety under Makhleb
  8063 | D:10     | Reached skill level 11 in Axes
  8101 | D:10     | Found a staircase to the Lair.
  8713 | D:11     | Reached **** piety under Makhleb
  8906 | D:11     | Noticed a two-headed ogre
  8922 | D:11     | Killed a two-headed ogre
  9412 | D:12     | Noticed a red ugly thing
  9433 | D:12     | Killed a red ugly thing
  9433 | D:12     | Reached ***** piety under Makhleb
  9433 | D:12     | Reached XP level 12. HP: 106/109 MP: 4/4
  9534 | D:12     | Found a roughly hewn altar of Beogh.
  9534 | D:12     | Found a staircase to the Orcish Mines.
  9584 | D:12     | Slain by an orc warrior

Levels and vault maps discovered:
D:1:      ncdulo_watergridlock, layout_basic, minmay_hexomino_c4
D:2:      layout_basic
D:3:      layout_loops_corners, lemuel_coloured_pillars_altar,
          lemuel_round_altar, serial_forest, infiniplex_forest_clump_small,
          infiniplex_forest_end_2, infiniplex_forest_lined_ring,
          infiniplex_forest_straight_4, infiniplex_forest_end_3,
          infiniplex_forest_lined_ring, uniq_robin
D:4:      layout_gridville, serial_shops, nicolae_shop_trees, shop, shop, shop,
          grunt_ministairs_15, uniq_ijyb, uniq_pikel
D:5:      layout_layer_cave, first_ration, gammafunk_ghost_cemetery,
          uniq_edmund, uniq_sigmund
D:6:      layout_loops_ring, grunt_temple_overflow_open, grunt_dithmenos_smoke,
          hangedman_abyss_or_decor_stagger, elyvilon_altar_1, uniq_blork_the_orc
D:7:      layout_basic, kennysheep_little_box, minmay_temple_entry_hall,
          yredelemnul_altar_generic
D:8:      layout_basic, enter_bailey_2
D:9:      layout_loops_corners, old_standard_altar, uniq_grum
D:10:     layout_gridville, lair_entry_dummy, serial_shops, shop
D:11:     layout_roguey, david_nohive_1
D:12:     layout_loops_ring, david_orc_5
Temple:   eino_narrow_crystal_temple

Skill      XL: |  1  2  3  4  5  6  7  8  9 10 11 |
---------------+----------------------------------+-----
Dodging        | 1 3 4 5 6 7 8 |  8.1
Axes           | 3 5 6 7 9 10 11 | 11.7
Fighting       | 3 4 5 6 7 |  7.3
Armour         | 4 5 6 7 8 |  8.9
Shields        | 4 5 6 7 8 |  8.8
Invocations    | 3 6 9 |  9.6

Action                   |  1- 3 |  4- 6 |  7- 9 | 10-12 || total
-------------------------+-------+-------+-------+-------++-------
Melee: War axe           |   122 |   171 |   518 |    71 ||   882
       Broad axe         |       |       |       |   666 ||   666
 Abil: Heal Wounds       |     1 |     2 |    18 |    30 ||    51
  Use: Scroll            |       |     8 |     5 |     7 ||    20
       Potion            |       |       |     2 |     1 ||     3
  Eat: Chunk             |     1 |     6 |    12 |    33 ||    52
Armor: Scale mail        |    37 |       |       |       ||    37
       Chain mail        |     9 |    98 |   249 |   340 ||   696
Dodge: Dodged            |    33 |    49 |   175 |   361 ||   618
Block: Shield            |    79 |   102 |   312 |   515 ||  1008

Table legend:
 A = Non-vault XP
 B = Vault XP
 C = Vault XP percentage of total XP
 D = Non-vault monster count
 E = Vault monster count
 F = Vault count percentage of total count
                 A         B        C        D         E       F
            +---------+---------+-------+---------+---------+-------
      Total |   17262 |    4998 |  22.5 |     295 |      69 |  19.0
            +---------+---------+-------+---------+---------+-------
        D:1 |      51 |      12 |  19.0 |      29 |       6 |  17.1
        D:2 |      84 |       0 |   0.0 |      18 |       0 |   0.0
        D:3 |      46 |      33 |  41.8 |      18 |      11 |  37.9
        D:4 |     176 |     754 |  81.1 |      11 |       2 |  15.4
        D:5 |     955 |     369 |  27.9 |      27 |       2 |   6.9
        D:6 |    1228 |      96 |   7.3 |      34 |       1 |   2.9
        D:7 |     554 |       0 |   0.0 |      17 |       0 |   0.0
        D:8 |     574 |       0 |   0.0 |      10 |       0 |   0.0
        D:9 |    3759 |     533 |  12.4 |      37 |       4 |   9.8
       D:10 |    4726 |       0 |   0.0 |      45 |       0 |   0.0
       D:11 |    3509 |    1158 |  24.8 |      36 |      15 |  29.4
       D:12 |    1600 |     260 |  14.0 |      13 |       3 |  18.8
     Bailey |       0 |    1783 | 100.0 |       0 |      25 | 100.0
            +---------+---------+-------+---------+---------+-------
